[Event "Saturday 20 January Rapid Engine Tour 12+1 Rounds 9 Starts 1600 ST"]
[Site "Infinity Chess"]
[Date "2018.1.20"]
[Round "4"]
[White "Satria_Ungu"]
[Black "Thinker"]
[Result "1/2-1/2"]
[ECO "D30"]
[WhiteElo "2416"]
[BlackElo "2424"]
[WhiteEngine "Houdini 6_CTG"]
[BlackEngine "BrainFish_180113_x64_modern_CTG"]
[EventType "Swiss"]
[WhiteTeam ""]
[BlackTeam ""]
[PlyCount "136"]
[TimeControl "720+1"]

1. d4 d5 2. c4 e6 3. Nf3 Nf6 4. Nc3 Be7 5. Bf4 O-O 6. Rc1 c5 7. dxc5 dxc4 
8. Qxd8 Rxd8 9. Bc7 Rd7 10. Bd6 Bxd6 11. cxd6 Rxd6 12. Nb5 Rd7 13. Ne5 Re7 
14. e3 Nc6 15. Nxc6 bxc6 16. Na3 c3 17. Rxc3 Nd5 18. Rd3 Rd7 19. Rd2 Nb4 
20. Bc4 Kf8 21. Ke2 Rxd2+ 22. Kxd2 Ke7 23. Rc1 e5 24. Nc2 a5 25. e4 Nxc2 
26. Rxc2 Rb8 27. b3 g5 28. Kc3 Bd7 29. Rd2 f6 30. f3 h5 31. Rf2 Rh8 32. b4 axb4+ 
33. Kxb4 h4 34. Kc5 Ra8 35. h3 Ra3 36. Kb6 Be8 37. Rd2 Ra4 38. Bb3 Ra8 
39. Rd1 Rb8+ 40. Kc7 Ra8 41. Rd3 Ra7+ 42. Kb6 Ra8 43. Bc4 Ra4 44. Rc3 Bd7 
45. a3 Kd6 46. Bd3 Be8 47. Be2 Bd7 48. Bf1 Rd4 49. Ba6 Be8 50. Rd3 c5 
51. Rc3 Rd2 52. Rd3+ Rxd3 53. Bxd3 Ba4 54. Be2 Bc2 55. Bc4 f5 56. exf5 e4 
57. f6 e3 58. f7 Ke7 59. Kxc5 Bd1 60. Kd4 e2 61. Bxe2 Bxe2 62. Ke4 Bf1 
63. Kf5 Bxg2 64. Kg4 Kxf7 65. Kxg5 Bxh3 66. Kxh4 Bd7 67. Kg5 Ke6 68. Kg6 Be8+ 
1/2-1/2

[Event "Saturday 20 January Rapid Engine Tour 12+1 Rounds 9 Starts 1600 ST"]
[Site "Infinity Chess"]
[Date "2018.1.20"]
[Round "4"]
[White "MarioDeMonti"]
[Black "Cepri"]
[Result "1/2-1/2"]
[ECO "D31"]
[WhiteElo "2437"]
[BlackElo "2441"]
[WhiteEngine "stockfish_x64_bmi2_2018_01_13_CTG"]
[BlackEngine "asmFishW_12J18Mb_CTG"]
[EventType "Swiss"]
[WhiteTeam ""]
[BlackTeam ""]
[PlyCount "89"]
[TimeControl "720+1"]

1. d4 d5 2. c4 e6 3. Nc3 c6 4. e4 dxe4 5. Nxe4 Bb4+ 6. Bd2 Qxd4 7. Bxb4 Qxe4+ 
8. Be2 Na6 9. Ba5 b6 10. Qd6 Bd7 11. Bc3 f6 12. Nf3 Nh6 13. Rd1 Rd8 14. Qa3 Bc8 
15. Nd2 Qf4 16. Bh5+ Nf7 17. O-O c5 18. Qa4+ Ke7 19. Rfe1 Ng5 20. Re3 Rd6 
21. Rde1 Rhd8 22. Nf3 Kf8 23. a3 Nf7 24. h3 Rd3 25. Rxd3 Rxd3 26. Qc2 Qxc4 
27. Nd2 Qd5 28. Be2 Bb7 29. f3 Rd4 30. Bxd4 Qxd4+ 31. Kh1 Nc7 32. b4 Nd5 
33. bxc5 Qf2 34. Qc1 Nf4 35. Bf1 Ne5 36. cxb6 axb6 37. Rd1 Nh5 38. Bb5 g5 
39. Qc3 Bd5 40. Rc1 Kg7 41. Rc2 Ng3+ 42. Kh2 Nh5 43. Kh1 Ng3+ 44. Kh2 Nh5 
45. Kh1 1/2-1/2

[Event "Saturday 20 January Rapid Engine Tour 12+1 Rounds 9 Starts 1600 ST"]
[Site "Infinity Chess"]
[Date "2018.1.20"]
[Round "4"]
[White "KULLANI"]
[Black "hafaba"]
[Result "1/2-1/2"]
[ECO "A41"]
[WhiteElo "2446"]
[BlackElo "2452"]
[WhiteEngine "BrainFish_180113_x64_CTG"]
[BlackEngine "Stockfish SL FA POPCNT_CTG"]
[EventType "Swiss"]
[WhiteTeam ""]
[BlackTeam ""]
[PlyCount "100"]
[TimeControl "720+1"]

1. d4 d6 2. Nf3 Nf6 3. c4 e6 4. Nc3 d5 5. a3 c6 6. Bg5 dxc4 7. e4 b5 8. e5 h6 
9. Bh4 g5 10. Nxg5 hxg5 11. Bxg5 Nbd7 12. g3 Qb6 13. exf6 Bb7 14. Bg2 O-O-O 
15. O-O Ne5 16. dxe5 Rxd1 17. Rfxd1 Qc7 18. Bf4 Bh6 19. Bxh6 Rxh6 20. Ne4 Rh5 
21. Nd6+ Kb8 22. Nxb7 Kxb7 23. Rd6 Rxe5 24. Rxc6 Qxc6 25. Bxc6+ Kxc6 26. h4 Rf5 
27. Kg2 Rxf6 28. h5 Rh6 29. g4 Rh8 30. Rh1 Kd6 31. f4 Ke7 32. h6 Kf6 33. Rh5 Kg6 
34. Rxb5 Rxh6 35. Rg5+ Kf6 36. Rc5 Rh4 37. Kg3 Rh8 38. Rxc4 a5 39. b3 Rd8 
40. Kf2 Rd3 41. Ra4 Rxb3 42. Rxa5 Rb2+ 43. Kf3 Rb3+ 44. Ke4 Kg6 45. g5 Rb1 
46. Kd4 Rf1 47. Ke3 Re1+ 48. Kd4 Rf1 49. Ke3 Re1+ 50. Kd4 Rf1 1/2-1/2

[Event "Saturday 20 January Rapid Engine Tour 12+1 Rounds 9 Starts 1600 ST"]
[Site "Infinity Chess"]
[Date "2018.1.20"]
[Round "4"]
[White "incredible"]
[Black "SkyPilot"]
[Result "1/2-1/2"]
[ECO "D15"]
[WhiteElo "2449"]
[BlackElo "2447"]
[WhiteEngine "Stockfish_x64_bmi2"]
[BlackEngine "stockfish_x64_bmi2_2018_01_13_CTG"]
[EventType "Swiss"]
[WhiteTeam ""]
[BlackTeam ""]
[PlyCount "203"]
[TimeControl "720+1"]

1. d4 d5 2. c4 c6 3. Nf3 Nf6 4. Nc3 e6 5. e3 Nbd7 6. Qc2 Bd6 7. Bd3 O-O 
8. O-O dxc4 9. Bxc4 b5 10. Bd3 Bb7 11. a3 h6 12. Bd2 a5 13. h3 Rc8 14. b4 axb4 
15. axb4 Bxb4 16. Ne4 Be7 17. Ba5 Qe8 18. Nxf6+ Nxf6 19. Rfb1 Ra8 20. Ne5 Nd5 
21. Bh7+ Kh8 22. Be4 c5 23. Qb2 cxd4 24. exd4 b4 25. Bxb4 Bxb4 26. Bxd5 Bxd5 
27. Qxb4 Kg8 28. Rxa8 Qxa8 29. f3 Qd8 30. Qc5 h5 31. Kh1 h4 32. Qa7 Qg5 
33. Rb8 Qc1+ 34. Kh2 Qf4+ 35. Kh1 Rxb8 36. Qxb8+ Kh7 37. Qb1+ Kg8 38. Qc2 f6 
39. Ng6 Qxd4 40. Qc8+ Kh7 41. Ne7 f5 42. Kh2 Qe5+ 43. Kg1 Qa1+ 44. Kh2 Qb2 
45. Qg8+ Kh6 46. Nxd5 exd5 47. Qxd5 Qb8+ 48. Kg1 Qa7+ 49. Kh2 g6 50. Qd2+ Kh5 
51. Kh1 g5 52. Qe2 Qa1+ 53. Kh2 Qf6 54. Kg1 Kh6 55. Qe3 Qd6 56. Qe2 f4 
57. Qe4 Qb6+ 58. Kh2 Qf6 59. Qd3 Qb6 60. Qe4 Qf6 61. Kh1 Qb6 62. Qe5 Qb1+ 
63. Kh2 Qh7 64. Qd6+ Kg7 65. Qd5 Qh6 66. Qd7+ Kf6 67. Qd3 Kg7 68. Qc4 Qb6 
69. Kh1 Qb1+ 70. Kh2 Qb6 71. Qd5 Qf6 72. Qd3 Qf8 73. Qd7+ Kf6 74. Qc6+ Kf5 
75. Kg1 Qe7 76. Qd5+ Kg6 77. Qd3+ Kh5 78. Kh2 Kh6 79. Qc3 Qf8 80. Kh1 Kg6 
81. Qd3+ Kh5 82. Qh7+ Qh6 83. Qe7 Kg6 84. Kg1 Qh7 85. Qd6+ Kg7 86. Kh2 Qh6 
87. Qd7+ Kf6 88. Qc8 Kg6 89. Qd7 Qh7 90. Qd6+ Kf7 91. Qe5 Qh6 92. Qd4 Qe6 
93. Qa7+ Kf6 94. Qc5 Qe3 95. Qc6+ Qe6 96. Qc7 Qe1 97. Qd8+ Kg6 98. Qd4 Qg3+ 
99. Kg1 Qe1+ 100. Kh2 Qg3+ 101. Kg1 Qe1+ 102. Kh2 1/2-1/2

[Event "Saturday 20 January Rapid Engine Tour 12+1 Rounds 9 Starts 1600 ST"]
[Site "Infinity Chess"]
[Date "2018.1.20"]
[Round "4"]
[White "NINJA_JENGKA"]
[Black "Harry_Potter"]
[Result "1/2-1/2"]
[ECO "A46"]
[WhiteElo "2453"]
[BlackElo "2464"]
[WhiteEngine "Houdini 6_CTG"]
[BlackEngine "BrainFish_180113_x64_bmi2_CTG"]
[EventType "Swiss"]
[WhiteTeam ""]
[BlackTeam ""]
[PlyCount "117"]
[TimeControl "720+1"]

1. d4 Nf6 2. Nf3 d5 3. c4 e6 4. Nc3 Be7 5. Bf4 O-O 6. Rc1 b6 7. cxd5 Nxd5 
8. Nxd5 Qxd5 9. a3 c5 10. dxc5 bxc5 11. e3 Bb7 12. Be2 Qxd1+ 13. Rxd1 Bd5 
14. O-O Nc6 15. Rc1 a6 16. Ne5 Nxe5 17. Bxe5 a5 18. f4 g6 19. Kf2 h5 20. Rfd1 a4 
21. Rd2 Rfd8 22. Rcd1 f5 23. Bf3 Bxf3 24. Kxf3 Rxd2 25. Rxd2 Ra7 26. Bc3 Kf7 
27. e4 Rb7 28. g3 Bf6 29. e5 Be7 30. Ke2 g5 31. Kd3 Kg6 32. Kc4 g4 33. Rg2 Kf7 
34. Be1 Kg6 35. Re2 Kf7 36. Bf2 Kg6 37. Be3 Rb8 38. Bg1 Kf7 39. Bf2 Ke8 
40. Be1 Kd7 41. h3 Ke8 42. hxg4 fxg4 43. Rh2 Kf7 44. Rxh5 Rxb2 45. Rh7+ Ke8 
46. f5 Re2 47. f6 Bxf6 48. exf6 Rxe1 49. Kxc5 Re3 50. Kd6 Rxa3 51. Kxe6 Re3+ 
52. Kf5 Rxg3 53. Rh8+ Kf7 54. Rh7+ Ke8 55. Rh8+ Kd7 56. f7 Rf3+ 57. Kxg4 Rxf7 
58. Ra8 Kc6 59. Rxa4 1/2-1/2

[Event "Saturday 20 January Rapid Engine Tour 12+1 Rounds 9 Starts 1600 ST"]
[Site "Infinity Chess"]
[Date "2018.1.20"]
[Round "4"]
[White "angriff"]
[Black "KhalidOmar"]
[Result "1/2-1/2"]
[ECO "C65"]
[WhiteElo "2466"]
[BlackElo "2454"]
[WhiteEngine "Raubfisch ME262_GTZ16b2_CTG"]
[BlackEngine "Eman 1.64b 64-bit BMI2"]
[EventType "Swiss"]
[WhiteTeam ""]
[BlackTeam ""]
[PlyCount "116"]
[TimeControl "720+1"]

1. e4 e5 2. Nf3 Nc6 3. Bb5 Nf6 4. O-O Nxe4 5. Re1 Nd6 6. Nxe5 Be7 7. Bf1 Nxe5 
8. Rxe5 O-O 9. d4 Bf6 10. Re1 Re8 11. c3 c6 12. Bf4 Rxe1 13. Qxe1 Ne8 14. Nd2 d5 
15. h3 Bf5 16. Qe3 Nd6 17. Nf3 a5 18. Re1 a4 19. g4 Be4 20. Bd3 Bxd3 
21. Qxd3 Ne4 22. Nd2 Ng5 23. Bxg5 Bxg5 24. Nf3 Be7 25. Kg2 Bd6 26. Qe3 Qc7 
27. b3 axb3 28. axb3 g6 29. c4 dxc4 30. bxc4 b5 31. c5 Bf8 32. Qe4 Rc8 
33. Re3 Bg7 34. Rb3 Qd7 35. Ra3 Qb7 36. Rb3 Rd8 37. Re3 Qd7 38. Ra3 Kf8 
39. Ra6 Bxd4 40. Qxc6 Qxc6 41. Rxc6 b4 42. Nxd4 Rxd4 43. Rc7 Rc4 44. Rb7 b3 
45. Rb8+ Ke7 46. Rxb3 Rxc5 47. Rb7+ Kf6 48. h4 h5 49. g5+ Ke6 50. Kg3 Rc6 
51. f3 f6 52. Rg7 Kf5 53. Rf7 Ra6 54. gxf6 Rxf6 55. Rxf6+ Kxf6 56. f4 Kg7 
57. Kf3 Kf6 58. Ke2 Ke7 1/2-1/2

[Event "Saturday 20 January Rapid Engine Tour 12+1 Rounds 9 Starts 1600 ST"]
[Site "Infinity Chess"]
[Date "2018.1.20"]
[Round "4"]
[White "Susanne"]
[Black "Murx"]
[Result "1/2-1/2"]
[ECO "C50"]
[WhiteElo "2470"]
[BlackElo "2482"]
[WhiteEngine "asmFishW_2018-01-12_bmi2_CTG"]
[BlackEngine "BrainFish_180113_x64_modern"]
[EventType "Swiss"]
[WhiteTeam ""]
[BlackTeam ""]
[PlyCount "99"]
[TimeControl "720+1"]

1. e4 e5 2. Nf3 Nc6 3. Bc4 Bc5 4. O-O Nf6 5. d3 d6 6. c3 O-O 7. Nbd2 a6 
8. a4 Ne7 9. h3 Ng6 10. Re1 c6 11. a5 d5 12. Bb3 Re8 13. exd5 cxd5 14. d4 exd4 
15. Nxd4 Rxe1+ 16. Qxe1 Bxd4 17. cxd4 Be6 18. Bd1 Bd7 19. Nf3 Bb5 20. Be3 Ne4 
21. Bb3 Qd6 22. Qd1 Ne7 23. Nd2 Nf6 24. Bc2 Rd8 25. Nb1 h6 26. Nc3 Bc6 
27. Bd3 Ne4 28. Qc2 Nf5 29. Nxe4 dxe4 30. Bxe4 Nxd4 31. Bxd4 Qxd4 32. Bxc6 bxc6 
33. Qxc6 Qxb2 34. Re1 Qb4 35. Re8+ Rxe8 36. Qxe8+ Kh7 37. Qxf7 Qe1+ 38. Kh2 Qxa5 
39. f4 Qb5 40. Qe6 a5 41. Qe4+ Kg8 42. Qe7 Qb8 43. Qe4 Qb5 44. Qa8+ Kf7 
45. Qd8 a4 46. Qc7+ Kg8 47. Qc8+ Kf7 48. Qc7+ Kf6 49. Qd8+ Kf7 50. Qc7+ 1/2-1/2

[Event "Saturday 20 January Rapid Engine Tour 12+1 Rounds 9 Starts 1600 ST"]
[Site "Infinity Chess"]
[Date "2018.1.20"]
[Round "4"]
[White "Marsell"]
[Black "Neoxium"]
[Result "1/2-1/2"]
[ECO "C55"]
[WhiteElo "2480"]
[BlackElo "2490"]
[WhiteEngine "asmFishW_2018-01-11_popcnt"]
[BlackEngine "SF SL FA-IDeA"]
[EventType "Swiss"]
[WhiteTeam ""]
[BlackTeam ""]
[PlyCount "149"]
[TimeControl "720+1"]

1. e4 e5 2. Nf3 Nc6 3. Bc4 Nf6 4. d3 Bc5 5. c3 d6 6. O-O O-O 7. h3 a5 
8. Nbd2 Be6 9. Bb5 Qc8 10. Re1 Qb8 11. Re2 Qa7 12. Nf1 a4 13. Bxc6 bxc6 
14. d4 exd4 15. cxd4 Bb6 16. Bg5 Nd7 17. Ng3 Qa5 18. Be3 Qb5 19. Rc2 f6 
20. d5 cxd5 21. Bxb6 Qxb6 22. exd5 Bf7 23. Nd4 Rae8 24. Ngf5 Nc5 25. Nc6 Re4 
26. Ng3 Ree8 27. Nf5 Re4 28. Ng3 Ree8 29. Qf3 Bg6 30. Nf5 Kh8 31. Rd1 Nd7 
32. Qf4 Nc5 33. Qf3 Nd7 34. Ncd4 Nc5 35. g4 Qb7 36. Kg2 Qa8 37. Ne6 Nxe6 
38. dxe6 Qxf3+ 39. Kxf3 Rxe6 40. Rxc7 Bxf5 41. gxf5 Re5 42. Kg3 h5 43. Rd2 Ra8 
44. Rxd6 Rxf5 45. h4 Kh7 46. Rdd7 Rg8 47. Ra7 Rb5 48. Rd2 Rgb8 49. Rxa4 Rxb2 
50. Rxb2 Rxb2 51. a3 g5 52. f3 Kg6 53. hxg5 Kxg5 54. Rb4 Ra2 55. Rb5+ Kh6 
56. Kh4 Kg6 57. Rb3 Kf5 58. Kg3 h4+ 59. Kxh4 Kf4 60. Kh3 f5 61. Rd3 Ra1 
62. Kg2 Ra2+ 63. Kf1 Ra1+ 64. Ke2 Ra2+ 65. Kf1 Ra1+ 66. Ke2 Ra2+ 67. Kd1 Ra1+ 
68. Kc2 Kg3 69. Kb3 Re1 70. a4 f4 71. a5 Re3 72. Rxe3 fxe3 73. a6 e2 74. a7 e1=Q 
75. a8=Q 1/2-1/2

[Event "Saturday 20 January Rapid Engine Tour 12+1 Rounds 9 Starts 1600 ST"]
[Site "Infinity Chess"]
[Date "2018.1.20"]
[Round "4"]
[White "Deep_Impact"]
[Black "Dovahkiin"]
[Result "1-0 "]
[ECO "A13"]
[WhiteElo "2519"]
[BlackElo "2456"]
[WhiteEngine "BrainFish_180113_x64_modern"]
[BlackEngine "BrainFish_180113_x64_modern_CTG"]
[EventType "Swiss"]
[WhiteTeam ""]
[BlackTeam ""]
[PlyCount "170"]
[TimeControl "720+1"]

1. c4 e6 2. d4 d5 3. Nc3 c6 4. Nf3 Nf6 5. e3 Nbd7 6. Qc2 Bd6 7. Bd3 O-O 
8. O-O dxc4 9. Bxc4 a6 10. Rd1 b5 11. Bd3 Qc7 12. Bd2 c5 13. Ne4 c4 
14. Nxd6 Qxd6 15. Be2 Bb7 16. b3 Bd5 17. Qb2 Ne4 18. Ba5 Rfc8 19. Rdc1 f5 
20. bxc4 Bxc4 21. Bd1 Bd5 22. Bb3 h6 23. h3 Kh7 24. Ne1 Bc4 25. Bc2 Nb6 
26. Nf3 Bd5 27. Ne5 Nc4 28. Nxc4 Bxc4 29. a3 Nf6 30. Qb4 Qxb4 31. Bxb4 a5 
32. Bd2 Ne4 33. Be1 Nd6 34. f3 Bd5 35. Bd3 Bc4 36. Bb1 Kg8 37. e4 fxe4 
38. fxe4 a4 39. Bb4 Rd8 40. Kf2 Bb3 41. Kg1 Rab8 42. d5 exd5 43. e5 Nc8 
44. Rc6 Re8 45. Bg6 Rxe5 46. Rc7 Rg5 47. Bf7+ Kh8 48. Re1 Nb6 49. Be7 Rf5 
50. Bg6 Rf4 51. Bc5 Na8 52. Rce7 Rg8 53. R1e6 d4 54. Rd6 Rc8 55. Bxd4 Rxd4 
56. Rxd4 Nc7 57. Rdd7 Ne6 58. Bf5 Nf8 59. Rb7 Rc6 60. Bd3 b4 61. Rxb4 Kg8 
62. Kh2 Kh8 63. Bb5 Rg6 64. Re8 Kg8 65. Bxa4 Bxa4 66. Rxa4 Kf7 67. Rb8 Nd7 
68. Rb7 Rd6 69. Raa7 Ke6 70. Rxd7 Rc6 71. Rxg7 Kf6 72. a4 h5 73. a5 Ke5 
74. Ra8 Kf5 75. a6 Kf6 76. Rg3 Kf5 77. Ra3 Rc7 78. a7 Rxa7 79. R3xa7 Ke5 
80. Re8+ Kd5 81. Rd7+ Kc6 82. Rd1 Kc7 83. Re2 h4 84. Rc2+ Kb6 85. Rb1+ Ka5 1-0

[Event "Saturday 20 January Rapid Engine Tour 12+1 Rounds 9 Starts 1600 ST"]
[Site "Infinity Chess"]
[Date "2018.1.20"]
[Round "3"]
[White "tris77"]
[Black "Marsell"]
[Result "0-1"]
[ECO "C77"]
[WhiteElo "2345"]
[BlackElo "2469"]
[WhiteEngine "Raubfisch ME262_GTZ16b2_CTG"]
[BlackEngine "asmFishW_2018-01-11_popcnt"]
[EventType "Swiss"]
[WhiteTeam ""]
[BlackTeam ""]
[PlyCount "184"]
[TimeControl "720+1"]

1. e4 e5 2. Nf3 Nc6 3. Bb5 a6 4. Ba4 Nf6 5. O-O Be7 6. Re1 b5 7. Bb3 O-O 
8. c3 d5 9. exd5 Nxd5 10. Nxe5 Nxe5 11. Rxe5 c6 12. d4 Bd6 13. Re1 Qh4 
14. g3 Qh3 15. Re4 g5 16. Qf3 Bf5 17. Bxd5 cxd5 18. Re3 Rad8 19. Nd2 Rfe8 
20. b3 Kg7 21. a4 Bg4 22. Qg2 Qh5 23. axb5 Bh3 24. Qf3 Bg4 25. Qh1 Rxe3 
26. fxe3 Re8 27. Ra2 Rxe3 28. Nf1 Re4 29. Rf2 axb5 30. Bd2 Kg6 31. h4 f6 
32. Qh2 Bf5 33. hxg5 Qxh2+ 34. Rxh2 fxg5 35. Ne3 Be6 36. Kf2 h5 37. Rg2 Kf7 
38. Nf1 b4 39. cxb4 Rxd4 40. Bxg5 Rxb4 41. Nd2 Rd4 42. Kg1 Kg6 43. Be3 Rd3 
44. Bf4 Bh3 45. Re2 Bg4 46. Rg2 Bc5+ 47. Kh2 Kf5 48. Bc7 Be3 49. Ba5 d4 
50. Bb4 Ke6 51. Ba5 Kd5 52. Bb4 Kc6 53. Nc4 Kb5 54. Bf8 Rd1 55. Ne5 Be6 
56. Ra2 Bd5 57. Kh3 d3 58. Nxd3 Rxd3 59. Bg7 Rxb3 60. Ra1 Be6+ 61. Kh2 Rd3 
62. g4 hxg4 63. Kg2 Bd5+ 64. Kg3 Bd4+ 65. Kxg4 Bxa1 66. Bxa1 Ra3 67. Bf6 Ra2 
68. Kf4 Bg8 69. Ke5 Kc4 70. Bh4 Ra6 71. Bd8 Re6+ 72. Kf5 Kd5 73. Bg5 Re1 
74. Kf4 Bf7 75. Bh6 Rh1 76. Bg7 Rf1+ 77. Ke3 Bh5 78. Kd2 Rf3 79. Bc3 Kc4 
80. Ba5 Ra3 81. Bc7 Ra7 82. Bf4 Re7 83. Be3 Re8 84. Bh6 Re2+ 85. Kd1 Kd3 
86. Kc1 Rc2+ 87. Kb1 Kc3 88. Bc1 Bg6 89. Ba3 Re2+ 90. Ka1 Kb3 91. Bb2 Re1+ 
92. Bc1 Rxc1# 0-1

[Event "Saturday 20 January Rapid Engine Tour 12+1 Rounds 9 Starts 1600 ST"]
[Site "Infinity Chess"]
[Date "2018.1.20"]
[Round "3"]
[White "BraveDevil"]
[Black "OlivierEvan"]
[Result "1/2-1/2"]
[ECO "D31"]
[WhiteElo "2369"]
[BlackElo "2404"]
[WhiteEngine "Cryptic AIL V1"]
[BlackEngine "Houdini 6"]
[EventType "Swiss"]
[WhiteTeam ""]
[BlackTeam ""]
[PlyCount "174"]
[TimeControl "720+1"]

1. d4 d5 2. c4 e6 3. Nc3 c6 4. e4 dxe4 5. Nxe4 Bb4+ 6. Bd2 Qxd4 7. Bxb4 Qxe4+ 
8. Be2 Na6 9. Ba5 b6 10. Qd6 Bd7 11. Bc3 f6 12. Nf3 Nh6 13. Rd1 Rd8 14. Qa3 Bc8 
15. Nd2 Qf4 16. Bh5+ Nf7 17. O-O Qd6 18. b4 Qe7 19. Ne4 O-O 20. c5 Rd5 
21. Be2 b5 22. Bb2 Rxd1 23. Bxd1 Rd8 24. f4 Kf8 25. Bb3 Rd3 26. Nf2 Rd2 
27. Re1 Rd8 28. Bc2 Qd7 29. Be4 Qd2 30. Bc3 Qxf4 31. Bxc6 Qb8 32. Be4 h6 
33. Bg6 Nc7 34. Ne4 e5 35. Bxf7 Kxf7 36. Nd6+ Kg8 37. Bd2 Be6 38. Qg3 Ne8 
39. Nxe8 Rxe8 40. Bxh6 Qc7 41. Rd1 Kf8 42. Qh4 gxh6 43. Qxf6+ Qf7 44. Qh8+ Ke7 
45. Qxe5 Qg6 46. Rf1 Rd8 47. Qc7+ Rd7 48. Qf4 Qg7 49. Qb8 Qd4+ 50. Kh1 Rd8 
51. Qxa7+ Qd7 52. Qb6 Rf8 53. Re1 Rg8 54. c6 Qd5 55. Qc7+ Kf6 56. Qf4+ Kg7 
57. c7 Kh7 58. Qf2 Rc8 59. Rc1 Qd7 60. Rc5 Qd1+ 61. Qg1 Qxg1+ 62. Kxg1 Bxa2 
63. Kf2 Kg7 64. g4 Bc4 65. Ke3 Kf6 66. Kd4 Ke7 67. Rc6 Be6 68. h3 Bd7 
69. Rxh6 Rxc7 70. g5 Kf8 71. h4 Bg4 72. h5 Rg7 73. Rh8+ Rg8 74. Rxg8+ Kxg8 
75. Kc5 Be2 76. Kc6 Kh7 77. Kb6 Bd3 78. Kc5 Be2 79. Kc6 Bc4 80. Kc5 Be2 
81. h6 Bc4 82. Kc6 Bf1 83. Kc5 Be2 84. Kb6 Bf1 85. Kc5 Be2 86. Kd6 Bd1 
87. Kc5 Be2 1/2-1/2

[Event "Saturday 20 January Rapid Engine Tour 12+1 Rounds 9 Starts 1600 ST"]
[Site "Infinity Chess"]
[Date "2018.1.20"]
[Round "3"]
[White "Satria_Ungu"]
[Black "star99"]
[Result "1/2-1/2"]
[ECO "A50"]
[WhiteElo "2416"]
[BlackElo "2423"]
[WhiteEngine "Houdini 6_CTG"]
[BlackEngine "Cryptic AIL V1"]
[EventType "Swiss"]
[WhiteTeam ""]
[BlackTeam ""]
[PlyCount "118"]
[TimeControl "720+1"]

1. d4 Nf6 2. c4 c6 3. Nf3 d5 4. e3 Bf5 5. Nc3 e6 6. Nh4 Bg6 7. Bd2 Bh5 
8. Qb3 Qb6 9. h3 Be7 10. g4 Bg6 11. Nxg6 hxg6 12. Bg2 g5 13. cxd5 cxd5 
14. Qxb6 axb6 15. O-O-O Nc6 16. Kb1 Na5 17. Bf1 Kd7 18. Bb5+ Nc6 19. a3 Rad8 
20. Bd3 Kc8 21. b4 Ne8 22. b5 Na7 23. a4 Kb8 24. Be1 Nc8 25. f3 Nc7 26. Ne2 Rh6 
27. Bg3 Bd6 28. f4 Rdh8 29. Ng1 gxf4 30. exf4 Be7 31. g5 Rh5 32. h4 Nd6 
33. Nf3 Ne4 34. Bxe4 dxe4 35. Ne5 f5 36. gxf6 gxf6 37. Ng6 R8h7 38. f5 Rxf5 
39. Rc1 e5 40. dxe5 fxe5 41. Bxe5 Bc5 42. Rxc5 bxc5 43. b6 Kc8 44. bxc7 e3 
45. Bf4 e2 46. Re1 Rhf7 47. Bg3 Rf1 48. Kc2 Rxe1 49. Bxe1 Kxc7 50. Kd3 Kd6 
51. Kxe2 b6 52. Bg3+ Ke6 53. Ne5 Ra7 54. Nc4 Rxa4 55. Nxb6 Rb4 56. Bc7 Rxh4 
57. Kd3 Rb4 58. Kc3 Rd4 59. Bg3 Re4 1/2-1/2

[Event "Saturday 20 January Rapid Engine Tour 12+1 Rounds 9 Starts 1600 ST"]
[Site "Infinity Chess"]
[Date "2018.1.20"]
[Round "3"]
[White "Thinker"]
[Black "MarioDeMonti"]
[Result "1/2-1/2"]
[ECO "C55"]
[WhiteElo "2423"]
[BlackElo "2438"]
[WhiteEngine "BrainFish_180113_x64_modern_CTG"]
[BlackEngine "stockfish_x64_bmi2_2018_01_13_CTG"]
[EventType "Swiss"]
[WhiteTeam ""]
[BlackTeam ""]
[PlyCount "229"]
[TimeControl "720+1"]

1. e4 e5 2. Nf3 Nc6 3. Bc4 Nf6 4. d3 Bc5 5. c3 d6 6. O-O O-O 7. h3 a5 8. Nbd2 h6 
9. Re1 Be6 10. b3 Qb8 11. Nf1 Bb6 12. Rb1 Qd8 13. Qc2 Nh5 14. Ne3 Nf6 
15. Bd2 Qd7 16. Bb5 Qc8 17. a4 Na7 18. Bc4 Nc6 19. Bb5 Na7 20. Bc4 Nc6 
21. Nf1 Qd8 22. Ng3 Re8 23. Bxe6 fxe6 24. b4 Nd7 25. Qa2 Qf6 26. b5 Ne7 
27. d4 Rf8 28. Be3 Ng6 29. Ne2 Rac8 30. Qc2 Qe7 31. Kh1 Qf7 32. Kh2 Ne7 
33. Qd3 Ng6 34. Qc2 Ne7 35. Qd3 Ng6 36. Kg1 Qe7 37. Nd2 Qf7 38. Rf1 Nf4 
39. Bxf4 exf4 40. Kh2 e5 41. f3 Rce8 42. Qc4 Re6 43. Qd5 Rb8 44. Qb3 Rbe8 
45. Qd5 Rb8 46. Rbd1 g6 47. Qc4 Rbe8 48. Qd3 Kh8 49. Rc1 g5 50. Nc4 Rf6 
51. Rce1 h5 52. Rh1 g4 53. hxg4 hxg4 54. Kg1+ Kg7 55. Rd1 g3 56. Kf1 Ree6 
57. Ke1 Rh6 58. Kd2 Rh2 59. Rhg1 Re8 60. Kc2 Qe6 61. Rb1 Rf8 62. Ra1 Rfh8 
63. Rab1 Qf7 64. Ra1 Rb8 65. Rab1 Rc8 66. Rbe1 Qe6 67. Rb1 Rf8 68. Ra1 Rb8 
69. Rab1 Rbh8 70. Rbd1 Re8 71. Rb1 Qe7 72. Rbd1 Qf7 73. Rb1 Qe6 74. Ra1 Rc8 
75. Rab1 Qf7 76. Ra1 Rd8 77. Rab1 Kf8 78. Rbe1 Qe6 79. Ra1 Re8 80. Rad1 Ra8 
81. Rb1 Kf7 82. Rbd1 Kg8 83. Ra1 Qf7 84. Kb2 Rd8 85. Rad1 Ra8 86. Rb1 Re8 
87. Kc2 Rf8 88. Rbc1 Ba7 89. Ra1 Bb6 90. Rac1 Qe6 91. Rb1 Kf7 92. Rbd1 Kg8 
93. Rb1 Re8 94. Kb2 Kf7 95. Rbd1 Kg7 96. Kc2 Qf7 97. Rde1 Kf8 98. Nc1 exd4 
99. cxd4 d5 100. Nd2 Kg7 101. Ncb3 Nf6 102. Kb1 Re6 103. Nc1 Nd7 104. Ne2 c6 
105. bxc6 bxc6 106. Ka1 Bc7 107. Rc1 Reh6 108. Rb1 Bb6 109. Qc3 Kg8 110. Qc2 Qf6 
111. Qd3 Nc5 112. Qc2 Nd7 113. Qd3 Nc5 114. Qa3 Nd7 115. Qd3 1/2-1/2

[Event "Saturday 20 January Rapid Engine Tour 12+1 Rounds 9 Starts 1600 ST"]
[Site "Infinity Chess"]
[Date "2018.1.20"]
[Round "3"]
[White "neófito"]
[Black "Dovahkiin"]
[Result "0-1 "]
[ECO "B90"]
[WhiteElo "2438"]
[BlackElo "2440"]
[WhiteEngine "asmFishW_2018-01-12_bmi2"]
[BlackEngine "BrainFish_180113_x64_modern_CTG"]
[EventType "Swiss"]
[WhiteTeam ""]
[BlackTeam ""]
[PlyCount "26"]
[TimeControl "720+1"]

1. e4 c5 2. Nf3 d6 3. d4 cxd4 4. Nxd4 Nf6 5. Nc3 a6 6. Be3 e5 7. Nb3 Be6 
8. f3 h5 9. Qd2 Nbd7 10. Nd5 Bxd5 11. exd5 g6 12. Be2 Bg7 13. Na5 Rb8 0-1

[Event "Saturday 20 January Rapid Engine Tour 12+1 Rounds 9 Starts 1600 ST"]
[Site "Infinity Chess"]
[Date "2018.1.20"]
[Round "3"]
[White "Cepri"]
[Black "KULLANI"]
[Result "1/2-1/2"]
[ECO "C50"]
[WhiteElo "2441"]
[BlackElo "2446"]
[WhiteEngine "asmFishW_12J18Mb_CTG"]
[BlackEngine "BrainFish_180113_x64_CTG"]
[EventType "Swiss"]
[WhiteTeam ""]
[BlackTeam ""]
[PlyCount "82"]
[TimeControl "720+1"]

1. e4 e5 2. Nf3 Nc6 3. Bc4 Bc5 4. d3 Nf6 5. O-O O-O 6. c3 d5 7. exd5 Nxd5 
8. a4 a6 9. Nbd2 Kh8 10. Ne4 Be7 11. Ng3 f5 12. Re1 f4 13. Ne4 Bf5 14. a5 Rb8 
15. Ned2 Bf6 16. Ne4 Be7 17. h3 Nf6 18. Qe2 Nxe4 19. dxe4 Bg6 20. b4 Bh5 
21. b5 axb5 22. Bxb5 Qc8 23. Bxc6 bxc6 24. Rd1 Bd6 25. c4 Re8 26. Qd3 Qa6 
27. Bd2 Ra8 28. Bc3 c5 29. Rdb1 Bf7 30. Ra4 h6 31. Qe2 Kg8 32. Re1 Qc8 
33. Ra3 Ra6 34. Rb3 Ra7 35. Ra1 Ra6 36. Rd1 Kh7 37. Kh2 Qe6 38. Rd5 Qf6 
39. Rd1 Qe6 40. Rd5 Qf6 41. Rd1 Qe6 1/2-1/2

[Event "Saturday 20 January Rapid Engine Tour 12+1 Rounds 9 Starts 1600 ST"]
[Site "Infinity Chess"]
[Date "2018.1.20"]
[Round "3"]
[White "hafaba"]
[Black "incredible"]
[Result "1/2-1/2"]
[ECO "A05"]
[WhiteElo "2452"]
[BlackElo "2449"]
[WhiteEngine "Stockfish SL FA POPCNT_CTG"]
[BlackEngine "Stockfish_x64_bmi2"]
[EventType "Swiss"]
[WhiteTeam ""]
[BlackTeam ""]
[PlyCount "124"]
[TimeControl "720+1"]

1. Nf3 Nf6 2. d4 e6 3. c4 b6 4. g3 Be7 5. Bg2 Bb7 6. O-O d6 7. Re1 O-O 8. Nc3 d5 
9. cxd5 exd5 10. Bf4 Na6 11. Qc2 c5 12. Rad1 Qc8 13. a3 Rd8 14. e3 Ne4 
15. h4 cxd4 16. exd4 Bxa3 17. Qb3 Bf8 18. Ng5 Nxg5 19. Bxg5 Re8 20. Rxe8 Qxe8 
21. Nxd5 h6 22. Bf4 Qd7 23. Qf3 Bxd5 24. Qxd5 Qxd5 25. Bxd5 Rd8 26. Bc4 Nb4 
27. Kg2 a6 28. Be2 Bd6 29. Bd2 a5 30. Kf3 Bf8 31. Bf4 Bd6 32. Bd2 Bf8 33. Be3 g6 
34. h5 gxh5 35. Kg2 Be7 36. Bxh6 Bf6 37. Bxh5 Rxd4 38. Rc1 Rd5 39. Rc8+ Kh7 
40. Bxf7 Kxh6 41. Bxd5 Nxd5 42. Rc6 Kg7 43. b3 b5 44. Ra6 Bc3 45. Rd6 Ne7 
46. Kf3 Nf5 47. Rd3 Bb4 48. Ke4 Kg6 49. g4 Nd6+ 50. Kd5 Kg5 51. f3 Kh4 
52. Ke6 Nb7 53. Rd5 Nc5+ 54. Kf7 a4 55. bxa4 bxa4 56. g5 a3 57. g6 Bc3 
58. Rxc5 a2 59. Rc4+ Kg5 60. Ra4 a1=Q 61. f4+ Kh6 62. Rxa1 Bxa1 1/2-1/2